[Event "Tuesday 24 April Rapid Engine Tour 12+1 Rounds 9 Starts 1600ST"]
[Site "Infinity Chess"]
[Date "2018.4.24"]
[Round "2"]
[White "hafaba"]
[Black "KhalidOmar"]
[Result "1/2-1/2"]
[ECO "B92"]
[WhiteElo "2438"]
[BlackElo "2428"]
[WhiteEngine "Eman 1.70-beta21 64-bit POPCNT_CTG"]
[BlackEngine "Eman 1.70-beta24 64-bit BMI2"]
[EventType "Swiss"]
[WhiteTeam ""]
[BlackTeam ""]
[PlyCount "66"]
[TimeControl "720+1"]

1. e4 c5 2. Nf3 d6 3. d4 cxd4 4. Nxd4 Nf6 5. Nc3 a6 6. Be2 e5 7. Nb3 Be7 
8. O-O Be6 9. Be3 Nbd7 10. f4 exf4 11. Rxf4 O-O 12. Nd4 Ne5 13. Qd2 Qd7 
14. Raf1 b5 15. a3 Rae8 16. Rd1 Nfg4 17. Nxe6 Qxe6 18. Rff1 Nxe3 19. Qxe3 Nd7 
20. Nd5 Bd8 21. Qa7 Qxe4 22. Bf3 Qf5 23. Qxa6 Qxc2 24. Qxb5 Ne5 25. Bh5 Bg5 
26. Rf2 Qc5 27. Qxc5 dxc5 28. Rf5 h6 29. Be2 Re6 30. Nc7 Re7 31. Nd5 Re6 
32. Nc7 Re7 33. Nd5 Re6 1/2-1/2

[Event "Tuesday 24 April Rapid Engine Tour 12+1 Rounds 9 Starts 1600ST"]
[Site "Infinity Chess"]
[Date "2018.4.24"]
[Round "2"]
[White "ocirema"]
[Black "Eman"]
[Result "1/2-1/2"]
[ECO "A06"]
[WhiteElo "2442"]
[BlackElo "2441"]
[WhiteEngine "Eman 1.70-beta21 64-bit POPCNT"]
[BlackEngine "Eman 1.70-beta25 64-bit POPCNT"]
[EventType "Swiss"]
[WhiteTeam ""]
[BlackTeam ""]
[PlyCount "103"]
[TimeControl "720+1"]

1. Nf3 d5 2. d4 e6 3. c4 Nf6 4. Nc3 c6 5. e3 Nbd7 6. Qc2 Bd6 7. Bd3 dxc4 
8. Bxc4 b5 9. Bd3 Bb7 10. e4 e5 11. dxe5 Nxe5 12. Nxe5 Bxe5 13. Be3 a6 
14. h3 Qc7 15. a4 c5 16. axb5 c4 17. Be2 axb5 18. Rxa8+ Bxa8 19. O-O Bc6 
20. Bc5 Bh2+ 21. Kh1 Bd6 22. Bxd6 Qxd6 23. f4 Qe6 24. Bf3 O-O 25. e5 Nd5 
26. Qd2 Nxc3 27. bxc3 Bxf3 28. Rxf3 Rb8 29. Kh2 Qb6 30. f5 Re8 31. Re3 Rd8 
32. Qf2 Qb8 33. Qg3 Rd3 34. f6 g6 35. Qf4 Rxe3 36. Qxe3 b4 37. cxb4 Qxb4 
38. Qh6 Qf8 39. Qd2 h5 40. Qe3 Qb8 41. g3 Qb2+ 42. Kg1 Kf8 43. Qc5+ Kg8 
44. Qc8+ Kh7 45. Qxc4 Qxe5 46. Qxf7+ Kh6 47. Qb3 Qxf6 48. Qe3+ Kg7 49. Qa7+ Kh6 
50. h4 g5 51. hxg5+ Kxg5 52. Qe3+ 1/2-1/2

[Event "Tuesday 24 April Rapid Engine Tour 12+1 Rounds 9 Starts 1600ST"]
[Site "Infinity Chess"]
[Date "2018.4.24"]
[Round "2"]
[White "MarioDeMonti"]
[Black "Time_bandit"]
[Result "1/2-1/2"]
[ECO "D21"]
[WhiteElo "2449"]
[BlackElo "2466"]
[WhiteEngine "stockfish_x64_bmi2_2018_02_18_CTG"]
[BlackEngine "asmFishW_2018-04-11_bmi2"]
[EventType "Swiss"]
[WhiteTeam ""]
[BlackTeam ""]
[PlyCount "100"]
[TimeControl "720+1"]

1. d4 d5 2. c4 dxc4 3. Nf3 e6 4. e3 Nf6 5. Bxc4 a6 6. O-O c5 7. Bb3 b5 8. a4 b4 
9. e4 Bb7 10. Nbd2 Be7 11. e5 Nfd7 12. Nc4 O-O 13. Bc2 cxd4 14. Bf4 Bd5 
15. Qxd4 Nc6 16. Qe3 Rc8 17. Nd6 Rc7 18. Ng5 Bxg5 19. Bxg5 Qb8 20. Bf4 Ndxe5 
21. Rac1 f6 22. Be4 Bxe4 23. Qxe4 Rd8 24. Nc4 Qb7 25. Rfe1 Rd4 26. Qe3 Rd3 
27. Qe4 Rd4 28. Qe3 Rd3 29. Qe4 Rd5 30. Bxe5 Nxe5 31. Nxe5 Rxc1 32. Rxc1 fxe5 
33. Qg4 Qd7 34. g3 a5 35. Kg2 g6 36. Rc2 Rd3 37. Rc5 Rd4 38. Qf3 Rd5 39. Rc1 Qb7 
40. b3 Kg7 41. h4 Kg8 42. Rc5 Qd7 43. Rc1 Qb7 44. Qe4 Kh8 45. Kh3 Kg7 46. Kg2 h6 
47. Rc2 Qd7 48. Rc1 Qb7 49. Qf3 Kg8 50. Qe4 Kg7 1/2-1/2

[Event "Tuesday 24 April Rapid Engine Tour 12+1 Rounds 9 Starts 1600ST"]
[Site "Infinity Chess"]
[Date "2018.4.24"]
[Round "2"]
[White "star99"]
[Black "Thinker"]
[Result "1/2-1/2 "]
[ECO "C26"]
[WhiteElo "2473"]
[BlackElo "2480"]
[WhiteEngine "Cryptic Heroes 9.4B"]
[BlackEngine "BrainFish_180418_x64_modern_CTG"]
[EventType "Swiss"]
[WhiteTeam ""]
[BlackTeam ""]
[PlyCount "198"]
[TimeControl "720+1"]

1. e4 e5 2. Nc3 Nf6 3. Nf3 Nc6 4. h3 Bb4 5. Bb5 Bxc3 6. dxc3 d6 7. Qe2 O-O 
8. Bg5 Qe7 9. Nh2 Nd8 10. Ng4 Bxg4 11. hxg4 Ne6 12. Bd2 c6 13. Bd3 Nd7 14. g3 b5 
15. Rh5 Ndc5 16. O-O-O f6 17. Rdh1 h6 18. f4 Nxd3+ 19. cxd3 b4 20. cxb4 a5 
21. bxa5 Nd4 22. Qd1 d5 23. R5h2 dxe4 24. dxe4 Rfb8 25. Be1 c5 26. Qd3 Qe6 
27. Kb1 Qxg4 28. Bc3 Qe6 29. Rc1 Rd8 30. Qe3 Kh7 31. Bd2 Rdc8 32. Qd3 Qg4 
33. Rf2 Qe6 34. Qe3 Ra7 35. Be1 Re7 36. Bc3 Ra8 37. b3 Rb7 38. Rb2 Rbb8 
39. Qf2 Rd8 40. Rd2 Rab8 41. Rb2 Qd7 42. Qe3 Ra8 43. Rd2 Rab8 44. Qf2 Qb7 
45. fxe5 Qxe4+ 46. Kb2 Qxe5 47. g4 Rd7 48. Qh2 Rd5 49. Qh1 Rbd8 50. Re1 Qg3 
51. Qe4+ Kh8 52. Re3 Qc7 53. Red3 Qd6 54. a3 Qe5 55. Qe3 Re8 56. Qf2 Qe6 
57. b4 Red8 58. Bxd4 cxd4 59. Qg1 Qe8 60. Qc1 Qd7 61. Qd1 Qe6 62. Qb3 Qxg4 
63. b5 Qd7 64. a4 Kh7 65. a6 Qa7 66. Qc4 f5 67. Rc2 Qb6 68. Re2 Qd6 69. Qb3 Qc5 
70. Rc2 Qa7 71. Qb4 Re5 72. Rcd2 Red5 73. Rc2 Re5 74. Rcd2 Red5 75. Rg2 R5d6 
76. Qc4 Qd7 77. Rc2 f4 78. Rcd2 Rc8 79. Qb3 Qa7 80. Rc2 Rcd8 81. Qc4 Qd7 
82. Rcd2 Rc8 83. Qb4 Qc7 84. Ka2 Qf7+ 85. Kb2 Qc7 86. Ka2 Qf7+ 87. Qb3 Qa7 
88. Qb1 Kg8 89. Qb4 Rcd8 90. Qc4+ Kh8 91. Kb2 Qb8 92. Ka3 Qa7 93. Kb3 Qe7 
94. Kb2 Qe1 95. Qc2 Qe4 96. Qb3 Qe1 97. Qc2 Qe4 98. Rd1 Qe7 99. Qd2 Qf6 1/2-1/2

[Event "Tuesday 24 April Rapid Engine Tour 12+1 Rounds 9 Starts 1600ST"]
[Site "Infinity Chess"]
[Date "2018.4.24"]
[Round "2"]
[White "Murx"]
[Black "Longin"]
[Result "1/2-1/2"]
[ECO "C65"]
[WhiteElo "2508"]
[BlackElo "2481"]
[WhiteEngine "asmFishW_2018-04-07_popcnt"]
[BlackEngine "Raubfisch ME262_GTZ17b1_CTG"]
[EventType "Swiss"]
[WhiteTeam ""]
[BlackTeam ""]
[PlyCount "81"]
[TimeControl "720+1"]

1. e4 e5 2. Nf3 Nc6 3. Bb5 Nf6 4. d3 d6 5. O-O Be7 6. c3 O-O 7. Re1 a6 8. Ba4 b5 
9. Bc2 d5 10. d4 exd4 11. e5 Ne4 12. cxd4 Bg4 13. Nc3 Bxf3 14. gxf3 Nxf2 
15. Kxf2 Bh4+ 16. Kg2 Bxe1 17. Qxe1 Nxd4 18. Bd3 Ne6 19. Qg3 f5 20. Ne2 c5 
21. Nf4 Qd7 22. Nxe6 Qxe6 23. f4 c4 24. Be2 d4 25. Bd2 Rac8 26. Kf1 Rf7 
27. a3 g5 28. h3 Kh8 29. fxg5 f4 30. Qg4 Rf5 31. Rc1 Rg8 32. h4 f3 33. Bxf3 c3 
34. bxc3 Rgf8 35. Kg2 Qa2 36. Qxd4 Rf4 37. Ra1 Qb2 38. Rb1 Qa2 39. Ra1 Qc2 
40. Rc1 Qa2 41. Ra1 1/2-1/2

[Event "Tuesday 24 April Rapid Engine Tour 12+1 Rounds 9 Starts 1600ST"]
[Site "Infinity Chess"]
[Date "2018.4.24"]
[Round "2"]
[White "quicksilver"]
[Black "Deep_Impact"]
[Result "1/2-1/2"]
[ECO "D02"]
[WhiteElo "2859"]
[BlackElo "2436"]
[WhiteEngine "Cryptic Heroes 9.4B"]
[BlackEngine "BrainFish_180411_x64_bmi2"]
[EventType "Swiss"]
[WhiteTeam ""]
[BlackTeam ""]
[PlyCount "119"]
[TimeControl "720+1"]

1. d4 d5 2. Nf3 Nf6 3. c4 e6 4. e3 b6 5. b3 Bb7 6. Bb2 Nbd7 7. Be2 Bd6 
8. O-O O-O 9. Nc3 a6 10. a4 c5 11. cxd5 exd5 12. Bd3 Re8 13. Ne2 g6 14. Rc1 Nh5 
15. Qd2 Rc8 16. Rfd1 Qe7 17. h3 Red8 18. Rc2 Nhf6 19. Rdc1 Nb8 20. a5 Ne4 
21. Bxe4 dxe4 22. Nh2 bxa5 23. d5 h5 24. Qc3 f6 25. Qxf6 Qxf6 26. Bxf6 Rf8 
27. Bc3 Bxd5 28. Rd2 Rfd8 29. Bxa5 Rd7 30. Nc3 Bxb3 31. Nxe4 Be7 32. Nf3 Rxd2 
33. Nfxd2 Bd5 34. Bc3 Kf8 35. Ra1 Rc6 36. g4 Nd7 37. f3 Rb6 38. Kf1 Bh4 
39. Ra5 Be7 40. Kf2 h4 41. Ra1 Ke8 42. g5 Kf7 43. Rg1 Be6 44. f4 c4 45. Bd4 Rc6 
46. Nf3 Bb4 47. Rc1 a5 48. Nc3 Rc8 49. Nxh4 Nc5 50. Bxc5 Bxc5 51. Nf3 Ba3 
52. Rc2 Bxh3 53. Ne5+ Kg7 54. e4 Be6 55. Ke3 Bb4 56. Nd5 Bc5+ 57. Kd2 Bb4+ 
58. Ke3 Bc5+ 59. Kd2 Bb4+ 60. Ke3 1/2-1/2

[Event "Tuesday 24 April Rapid Engine Tour 12+1 Rounds 9 Starts 1600ST"]
[Site "Infinity Chess"]
[Date "2018.4.24"]
[Round "2"]
[White "CrapCleaner"]
[Black "Harry_Potter"]
[Result "1/2-1/2"]
[ECO "C50"]
[WhiteElo "2466"]
[BlackElo "2504"]
[WhiteEngine "Raubfisch ME262_GTZ17b1_CTG"]
[BlackEngine "Stockfish_x64_bmi2_CTG"]
[EventType "Swiss"]
[WhiteTeam ""]
[BlackTeam ""]
[PlyCount "111"]
[TimeControl "720+1"]

1. e4 e5 2. Nf3 Nc6 3. Bc4 Bc5 4. O-O Nf6 5. d3 d6 6. c3 a5 7. Bg5 Ba7 
8. Nbd2 h6 9. Bh4 g5 10. Bg3 Nd7 11. d4 h5 12. h4 f6 13. dxe5 Ndxe5 14. Bb5 Bd7 
15. hxg5 h4 16. Bxe5 fxe5 17. a3 Qe7 18. Kh1 O-O-O 19. b4 Rhf8 20. Rb1 Qe6 
21. c4 Bb6 22. Rb3 Qg4 23. Rd3 Be8 24. Qe2 Qe6 25. c5 dxc5 26. Rxd8+ Nxd8 
27. Bxe8 Rxe8 28. Qb5 cxb4 29. axb4 axb4 30. Qxb4 Nc6 31. Qb5 Qf7 32. Qd5 Qxd5 
33. exd5 Ne7 34. Ne4 Nxd5 35. Rd1 Nf4 36. Ra1 Nd5 37. Kh2 Bd4 38. Nxd4 exd4 
39. Nc5 Kd8 40. Rd1 Re5 41. Rxd4 Ke7 42. Nxb7 Rxg5 43. Rxh4 Nf6 44. Rb4 Kd7 
45. Rc4 Rb5 46. Nc5+ Kd6 47. Na4 c5 48. Rc1 Ne4 49. Rc2 Rb3 50. f3 Ng5 
51. Nxc5 Nxf3+ 52. gxf3 Rxf3 53. Kg2 Ra3 54. Ne4+ Ke5 55. Nd2 Ra1 56. Rb2 
1/2-1/2

[Event "Tuesday 24 April Rapid Engine Tour 12+1 Rounds 9 Starts 1600ST"]
[Site "Infinity Chess"]
[Date "2018.4.24"]
[Round "1"]
[White "KQRBNP"]
[Black "KhalidOmar"]
[Result "1/2-1/2"]
[ECO "C50"]
[WhiteElo "2378"]
[BlackElo "2430"]
[WhiteEngine "Eman 1.70-beta25 64-bit POPCNT"]
[BlackEngine "Eman 1.70-beta24 64-bit BMI2"]
[EventType "Swiss"]
[WhiteTeam ""]
[BlackTeam ""]
[PlyCount "133"]
[TimeControl "720+1"]

1. e4 e5 2. Nf3 Nc6 3. Bc4 Bc5 4. d3 Nf6 5. Nc3 d6 6. Na4 Bb6 7. a3 O-O 
8. O-O h6 9. h3 Re8 10. c3 Be6 11. Bxe6 Rxe6 12. Re1 Bxf2+ 13. Kxf2 b5 
14. b4 bxa4 15. Qxa4 d5 16. Qc2 dxe4 17. dxe4 Qc8 18. Rb1 Qb7 19. Kg1 Ne7 
20. c4 a6 21. Bd2 c5 22. bxc5 Qc7 23. Be3 Nd7 24. Qf2 Rc8 25. Red1 Nxc5 
26. Bxc5 Qxc5 27. Qxc5 Rxc5 28. Rb8+ Kh7 29. Rb7 Rxc4 30. Rdd7 Nc6 31. Rxf7 Rg6 
32. Nh4 Nd8 33. Nxg6 Nxf7 34. Nf8+ Kg8 35. Nd7 Rxe4 36. Rb8+ Kh7 37. Nf8+ Kh8 
38. Ne6+ Kh7 39. Nf8+ Kh8 40. a4 Nd6 41. Ne6+ Kh7 42. Rb6 Nf5 43. Rxa6 Re2 
44. Ra7 Kg6 45. g4 Ne3 46. Nxg7 Rg2+ 47. Kh1 Rg3 48. Kh2 Rg2+ 49. Kh1 Ra2 
50. Kg1 Kg5 51. Ra6 Rg2+ 52. Kh1 Rg3 53. Kh2 Rg2+ 54. Kh1 Ra2 55. a5 Nd5 
56. Re6 Rxa5 57. Nf5 Ra1+ 58. Kh2 Ra2+ 59. Kg1 Ra1+ 60. Kf2 Nf4 61. Rxh6 Ra3 
62. h4+ Kxg4 63. Ne3+ Rxe3 64. Kxe3 Ng2+ 65. Ke4 Nxh4 66. Re6 Kh5 67. Rxe5+ 
1/2-1/2

[Event "Tuesday 24 April Rapid Engine Tour 12+1 Rounds 9 Starts 1600ST"]
[Site "Infinity Chess"]
[Date "2018.4.24"]
[Round "1"]
[White "Deep_Impact"]
[Black "NINJA_JENGKA"]
[Result "1-0 "]
[ECO "C50"]
[WhiteElo "2436"]
[BlackElo "2388"]
[WhiteEngine "BrainFish_180411_x64_bmi2"]
[BlackEngine "Houdini 6"]
[EventType "Swiss"]
[WhiteTeam ""]
[BlackTeam ""]
[PlyCount "29"]
[TimeControl "720+1"]

1. e4 e5 2. Nf3 Nc6 3. Bc4 Bc5 4. O-O Nf6 5. d3 d6 6. c3 O-O 7. Re1 a5 
8. Nbd2 h6 9. Nf1 a4 10. Ng3 Ra5 11. h3 b5 12. b4 axb3 13. Bxb3 Be6 14. Rb1 Bb6 
15. d4 1-0

[Event "Tuesday 24 April Rapid Engine Tour 12+1 Rounds 9 Starts 1600ST"]
[Site "Infinity Chess"]
[Date "2018.4.24"]
[Round "1"]
[White "draxlord"]
[Black "hafaba"]
[Result "1/2-1/2"]
[ECO "D70"]
[WhiteElo "2400"]
[BlackElo "2440"]
[WhiteEngine "Cryptic Heroes 9.4B"]
[BlackEngine "Eman 1.70-beta21 64-bit POPCNT_CTG"]
[EventType "Swiss"]
[WhiteTeam ""]
[BlackTeam ""]
[PlyCount "144"]
[TimeControl "720+1"]

1. d4 Nf6 2. c4 g6 3. f3 d5 4. cxd5 Nxd5 5. e4 Nb6 6. Be3 Bg7 7. Nc3 O-O 
8. Qd2 Nc6 9. O-O-O Qd6 10. Nb5 Qd7 11. Kb1 Rd8 12. d5 a6 13. Nc3 Qe8 
14. Qc1 Na5 15. h4 e6 16. Bf4 Qe7 17. Bg5 f6 18. Bd2 Nac4 19. Bxc4 Nxc4 
20. Nge2 Nxd2+ 21. Qxd2 f5 22. h5 fxe4 23. hxg6 hxg6 24. fxe4 exd5 25. Nf4 c6 
26. exd5 Bg4 27. Rde1 Qg5 28. Ne4 Qf5 29. Ka1 Re8 30. Nd6 Rxe1+ 31. Rxe1 Qf6 
32. Ne4 Qd4 33. dxc6 bxc6 34. Nxg6 Qxd2 35. Nxd2 Kf7 36. Nh4 Rd8 37. Nhf3 Rd5 
38. Nc4 Bxf3 39. gxf3 Rd4 40. Rc1 Rd3 41. Rf1 Rd4 42. Rc1 Rd3 43. f4 Rd4 
44. Ne5+ Ke6 45. Nxc6 Rxf4 46. Na5 Kd5 47. Rd1+ Kc5 48. a3 Rf2 49. Nb3+ Kc4 
50. Na5+ Kb5 51. Rd5+ Ka4 52. Nc4 Kb3 53. Na5+ Ka4 54. Nc4 Kb3 55. Nd2+ Kc2 
56. Ne4 Bxb2+ 57. Ka2 Rh2 58. Rd6 Be5 59. Rxa6 Kd3+ 60. Kb3 Rb2+ 61. Ka4 Kxe4 
62. Rc6 Rb8 63. Ra6 Kd4 64. Ra5 Bd6 65. Rg5 Ra8+ 66. Kb5 Rxa3 67. Kc6 Be5 
68. Rg4+ Ke3 69. Rg1 Ke4 70. Rg4+ Kf5 71. Rg8 Rc3+ 72. Kd5 Rd3+ 1/2-1/2

[Event "Tuesday 24 April Rapid Engine Tour 12+1 Rounds 9 Starts 1600ST"]
[Site "Infinity Chess"]
[Date "2018.4.24"]
[Round "1"]
[White "Eman"]
[Black "blindfoldchess"]
[Result "1/2-1/2"]
[ECO "B30"]
[WhiteElo "2443"]
[BlackElo "2400"]
[WhiteEngine "Eman 1.70-beta25 64-bit POPCNT"]
[BlackEngine "Cryptic Heroes 9.4B"]
[EventType "Swiss"]
[WhiteTeam ""]
[BlackTeam ""]
[PlyCount "160"]
[TimeControl "720+1"]

1. e4 c5 2. Nf3 Nc6 3. Bb5 e6 4. O-O Nge7 5. d4 cxd4 6. Nxd4 Qb6 7. Nxc6 dxc6 
8. Bd3 Ng6 9. a4 e5 10. Qh5 Be6 11. Nd2 Bb4 12. Nf3 h6 13. Nh4 Nxh4 14. Qxh4 Qd8 
15. Qg3 Qf6 16. Be3 O-O 17. a5 Rfd8 18. h3 Kh8 19. Rfd1 Kh7 20. Kh2 g6 
21. f3 Rd7 22. Kh1 Be7 23. Be2 Rxd1+ 24. Rxd1 Bb4 25. a6 b6 26. f4 exf4 
27. Qxf4 Qxf4 28. Bxf4 Bc5 29. g4 g5 30. Bg3 Kg7 31. Kg2 Rc8 32. Be1 Kf8 
33. Bc3 Ke7 34. b4 Be3 35. Be5 Bf4 36. Bxf4 gxf4 37. Kf3 c5 38. c3 cxb4 
39. cxb4 Rc3+ 40. Kxf4 Rxh3 41. Rc1 Kd7 42. Rc2 Rb3 43. b5 Rb1 44. Rd2+ Ke8 
45. Ke5 Rc1 46. Kf4 Ke7 47. Ke5 Bc8 48. Kd4 Bd7 49. Ke3 Rc5 50. Rb2 Be6 
51. Rb1 Rc3+ 52. Kd4 Rb3 53. Rc1 Kd6 54. Rc6+ Kd7 55. Rc2 Rh3 56. Bc4 Bxc4 
57. Kxc4 h5 58. gxh5 Rxh5 59. Rg2 Rc5+ 60. Kb4 Ke6 61. Rg7 Rc7 62. Rg5 f6 
63. Rh5 Rc1 64. Rh7 Rb1+ 65. Kc4 Rc1+ 66. Kb3 Rb1+ 67. Ka2 Rxb5 68. Rxa7 Ke5 
69. Re7+ Kd6 70. Rf7 Ra5+ 71. Kb1 Ke6 72. Ra7 Ra4 73. Ra8 Kd6 74. a7 Kc7 
75. Kc2 b5 76. Kd3 Kc6 77. e5 fxe5 78. Rc8+ Kb7 79. Rb8+ Kxa7 80. Rxb5 e4+ 
1/2-1/2

[Event "Tuesday 24 April Rapid Engine Tour 12+1 Rounds 9 Starts 1600ST"]
[Site "Infinity Chess"]
[Date "2018.4.24"]
[Round "1"]
[White "juggernaut"]
[Black "ocirema"]
[Result "1/2-1/2"]
[ECO "E15"]
[WhiteElo "2400"]
[BlackElo "2444"]
[WhiteEngine "Cryptic Heroes 9.4B"]
[BlackEngine "Eman 1.70-beta21 64-bit POPCNT"]
[EventType "Swiss"]
[WhiteTeam ""]
[BlackTeam ""]
[PlyCount "99"]
[TimeControl "720+1"]

1. d4 Nf6 2. c4 e6 3. Nf3 b6 4. g3 Ba6 5. Qa4 Bb7 6. Bg2 c5 7. O-O cxd4 
8. Nxd4 Qc8 9. Bf4 Bxg2 10. Kxg2 Be7 11. Nc3 O-O 12. e4 Qb7 13. Qc2 Rc8 
14. Qd3 Nc6 15. Nf3 h6 16. Rac1 a6 17. Rfd1 b5 18. cxb5 axb5 19. e5 Ng4 
20. Qxb5 Qxb5 21. Nxb5 g5 22. Rxd7 gxf4 23. gxf4 Rxa2 24. Nfd4 Rd8 
25. Rxd8+ Nxd8 26. h3 Nxe5 27. fxe5 Rxb2 28. Nc3 Kf8 29. Nce2 Ke8 30. Rc7 f6 
31. exf6 Bxf6 32. Rc2 Rxc2 33. Nxc2 Nb7 34. Ne3 Kf7 35. Ng4 Bg7 36. Ne3 Nd6 
37. Kg3 Ne4+ 38. Kf3 Nd2+ 39. Kg2 h5 40. Nf1 Nxf1 41. Kxf1 h4 42. Kg2 Kf6 
43. Kf3 Kf5 44. Nf4 Bd4 45. Ng2 Kg5 46. Ne3 Bxe3 47. fxe3 Kf5 48. e4+ Kg5 
49. Ke3 e5 50. Kf3 1/2-1/2

[Event "Tuesday 24 April Rapid Engine Tour 12+1 Rounds 9 Starts 1600ST"]
[Site "Infinity Chess"]
[Date "2018.4.24"]
[Round "1"]
[White "crossbones"]
[Black "MarioDeMonti"]
[Result "1/2-1/2"]
[ECO "C77"]
[WhiteElo "2400"]
[BlackElo "2451"]
[WhiteEngine "Cryptic Heroes 9.4B"]
[BlackEngine "stockfish_x64_bmi2_2018_02_18_CTG"]
[EventType "Swiss"]
[WhiteTeam ""]
[BlackTeam ""]
[PlyCount "126"]
[TimeControl "720+1"]

1. e4 e5 2. Nf3 Nc6 3. Bb5 a6 4. Ba4 Nf6 5. O-O Be7 6. Re1 b5 7. Bb3 O-O 
8. c3 d5 9. exd5 Nxd5 10. Nxe5 Nxe5 11. Rxe5 c6 12. Re1 Bd6 13. d3 Bf5 
14. Qf3 Qh4 15. g3 Qh3 16. Be3 Bxd3 17. Nd2 Qf5 18. Bd4 Rfe8 19. a4 h6 
20. Kg2 Qxf3+ 21. Kxf3 Rxe1 22. Rxe1 bxa4 23. Bxa4 c5 24. Be5 Bf8 25. Bb3 Nb6 
26. Bc7 c4 27. Bxb6 cxb3 28. Ra1 f6 29. Ke3 Bf5 30. f3 Re8+ 31. Ne4 Bg6 
32. Kd2 Bh5 33. g4 Bg6 34. h3 h5 35. Bd4 hxg4 36. hxg4 Bxe4 37. fxe4 Rxe4 
38. Rxa6 Rxg4 39. Kd3 Rg2 40. c4 Rg3+ 41. Ke4 Rg4+ 42. Ke3 Rg3+ 43. Kf4 Rg2 
44. Kf3 Rc2 45. Rc6 f5 46. Kf4 Rd2 47. Bc3 Rf2+ 48. Ke3 Rc2 49. Rc8 Kf7 
50. c5 Rxc3+ 51. bxc3 b2 52. Rb8 Bxc5+ 53. Kd2 Ba3 54. Kc2 g5 55. Rb3 b1=R 
56. Rxb1 g4 57. Kd3 Kf6 58. c4 Be7 59. Rb2 Bd6 60. c5 Bxc5 61. Ke2 f4 
62. Rb5 f3+ 63. Ke1 Be3 1/2-1/2

[Event "Tuesday 24 April Rapid Engine Tour 12+1 Rounds 9 Starts 1600ST"]
[Site "Infinity Chess"]
[Date "2018.4.24"]
[Round "1"]
[White "CrapCleaner"]
[Black "firestar"]
[Result "1-0"]
[ECO "C42"]
[WhiteElo "2452"]
[BlackElo "2400"]
[WhiteEngine "Raubfisch ME262_GTZ17b1_CTG"]
[BlackEngine "Cryptic Heroes 9.4B"]
[EventType "Swiss"]
[WhiteTeam ""]
[BlackTeam ""]
[PlyCount "215"]
[TimeControl "720+1"]

1. e4 e5 2. Nf3 Nf6 3. Nxe5 d6 4. Nf3 Nxe4 5. d4 d5 6. Bd3 Nc6 7. O-O Be7 
8. c4 Nf6 9. Nc3 dxc4 10. Bxc4 O-O 11. h3 h6 12. Bf4 Bd6 13. Ne5 Be6 
14. Bxe6 fxe6 15. Nxc6 bxc6 16. Bd2 Qd7 17. Qc2 e5 18. dxe5 Bxe5 19. Rad1 Qf7 
20. b3 Rae8 21. Ne2 Bd6 22. Nd4 Ne4 23. Be3 c5 24. Nb5 Qf5 25. Qc4+ Qe6 
26. Rc1 Kh7 27. Qxe6 Rxe6 28. Rfe1 Rb8 29. Na3 g5 30. Nc4 Kg6 31. g3 Rbe8 
32. Rc2 Kf7 33. Kg2 Kg6 34. Rd1 a6 35. Rcc1 Bf8 36. Nd2 Rd6 37. Nxe4 Rxe4 
38. Kf3 Rb4 39. Ke2 Re4 40. Rd2 Be7 41. Kf3 Re5 42. Rdc2 Rc6 43. Rc4 Rce6 
44. Kg2 Rc6 45. b4 Kf5 46. bxc5 Kg6 47. Rb1 Kf7 48. Rb3 Kg6 49. Ra3 Kf7 
50. Rca4 Ree6 51. Ra5 h5 52. R3a4 Bf6 53. Rc4 Kg6 54. Ra3 Re5 55. Rca4 Ree6 
56. Rd3 Re7 57. Rb4 Re8 58. Rd5 Rce6 59. Rd7 Rc8 60. Ra4 Be5 61. g4 h4 
62. Re4 Rce8 63. Bd2 Kh6 64. Rd5 Bf6 65. Rxe6 Rxe6 66. f4 gxf4 67. Bxf4+ Kg6 
68. Bxc7 Re2+ 69. Kf3 Rxa2 70. Bf4 Rc2 71. Be3 a5 72. Rd6 Kg7 73. Ke4 Be7 
74. Ra6 Kf7 75. Rxa5 Re2 76. c6 Bd6 77. Rh5 Bg3 78. c7 Rc2 79. Bc5 Re2+ 
80. Kd5 Bxc7 81. Rh7+ Kf6 82. Rxc7 Re5+ 83. Kd4 Re2 84. Be7+ Ke6 85. Bxh4 Rd2+ 
86. Ke4 Re2+ 87. Kf4 Ra2 88. Re7+ Kd6 89. Bf6 Kc6 90. h4 Ra4+ 91. Kg5 Ra5+ 
92. Re5 Ra8 93. h5 Rg8+ 94. Kf5 Ra8 95. h6 Ra7 96. Kg6 Ra6 97. Re6+ Kb5 
98. Rxa6 Kxa6 99. h7 Ka5 100. h8=Q Kb4 101. Qh5 Ka4 102. Qc5 Kb3 103. Be5 Ka4 
104. Qb6 Ka3 105. g5 Ka4 106. Bc3 Ka3 107. Qb2+ Ka4 108. Qb4# 1-0

[Event "Tuesday 24 April Rapid Engine Tour 12+1 Rounds 9 Starts 1600ST"]
[Site "Infinity Chess"]
[Date "2018.4.24"]
[Round "1"]
[White "quicksilver"]
[Black "SkyPilot"]
[Result "1-0"]
[ECO "E90"]
[WhiteElo "2400"]
[BlackElo "2459"]
[WhiteEngine "Cryptic Heroes 9.4B"]
[BlackEngine "stockfish_x64_bmi2_2018_04_07_CTG"]
[EventType "Swiss"]
[WhiteTeam ""]
[BlackTeam ""]
[PlyCount "229"]
[TimeControl "720+1"]

1. d4 Nf6 2. c4 g6 3. Nc3 Bg7 4. e4 d6 5. Nf3 O-O 6. Be2 e5 7. O-O Nc6 8. d5 Ne7 
9. b4 Ne8 10. Rb1 f5 11. h3 fxe4 12. Ng5 Nf6 13. g4 c6 14. Ngxe4 cxd5 
15. cxd5 b6 16. Nxf6+ Bxf6 17. Ne4 Bg7 18. Bc4 Kh8 19. Qd3 a6 20. Bg5 h6 
21. Bd2 Bb7 22. Rbe1 Rc8 23. Bb3 Rc7 24. f4 Ng8 25. fxe5 Bxe5 26. Be3 Rcf7 
27. Rxf7 Rxf7 28. Bd4 Bxd4+ 29. Qxd4+ Kh7 30. Rf1 Rxf1+ 31. Kxf1 b5 32. Ke2 Qe7 
33. Kd3 Qf8 34. Kc2 Qe7 35. Kb2 Ba8 36. a3 Bb7 37. Kc2 Bc8 38. Kc3 Bb7 
39. Kb2 Qc7 40. Qf2 Qg7+ 41. Kb1 Ne7 42. Nf6+ Kh8 43. Qf4 Qf8 44. Qxd6 Kg7 
45. Ne4 Nxd5 46. Qe5+ Kh7 47. g5 hxg5 48. Nxg5+ Kh6 49. Ne4 Nb6 50. Nd6 Qf1+ 
51. Kc2 Qf2+ 52. Kc1 Nc4 53. Nxc4 bxc4 54. Bxc4 Qf3 55. Kb2 Kh7 56. Qe7+ Kh6 
57. Qh4+ Kg7 58. Qe7+ Kh6 59. Qh4+ Kg7 60. a4 Qe3 61. Qd8 Qe4 62. Qd3 Qf4 
63. Kb3 Kh6 64. a5 Kh5 65. Qe2+ Kh6 66. Qe1 Qf6 67. Qc3 Qd6 68. Qe3+ Kh7 
69. Qd3 Qc6 70. h4 Qh1 71. Qd7+ Kh6 72. Qd2+ Kg7 73. Qd4+ Kh7 74. Qd3 Kg7 
75. Qf1 Qe4 76. Qd3 Qf5 77. Kc3 Bc8 78. Qd4+ Kh7 79. Bxa6 Bxa6 80. Qa7+ Kh6 
81. Qxa6 Qe5+ 82. Kb3 Qd4 83. Qc4 Qd1+ 84. Kb2 Qd2+ 85. Ka3 Qe3+ 86. Ka4 Qf3 
87. Qc1+ Kg7 88. a6 Qf6 89. Kb5 Qe5+ 90. Qc5 Qe8+ 91. Ka5 Qd8+ 92. Ka4 Qd1+ 
93. Kb5 Kh6 94. Qf8+ Kh5 95. a7 Qe2+ 96. Kb6 Qe6+ 97. Kc7 Qe5+ 98. Qd6 Qe4 
99. Qd1+ Kh6 100. Qc1+ Kh7 101. b5 Qe5+ 102. Kb6 Qe4 103. Qc8 Qd4+ 104. Kb7 Kh6 
105. Qc1+ Kg7 106. a8=Q Qe4+ 107. Qc6 Qe7+ 108. Qc7 Qxc7+ 109. Kxc7 g5 
110. b6 g4 111. Qd5 Kh7 112. b7 Kg6 113. Qg5+ Kf7 114. b8=Q g3 115. Qbg8# 1-0

[Event "Tuesday 24 April Rapid Engine Tour 12+1 Rounds 9 Starts 1600ST"]
[Site "Infinity Chess"]
[Date "2018.4.24"]
[Round "1"]
[White "Time_bandit"]
[Black "ironchess"]
[Result "1/2-1/2"]
[ECO "C42"]
[WhiteElo "2469"]
[BlackElo "2400"]
[WhiteEngine "asmFishW_2018-04-11_bmi2"]
[BlackEngine "Cryptic Heroes 9.4B"]
[EventType "Swiss"]
[WhiteTeam ""]
[BlackTeam ""]
[PlyCount "182"]
[TimeControl "720+1"]

1. e4 e5 2. Nf3 Nf6 3. Nxe5 d6 4. Nf3 Nxe4 5. d4 d5 6. Bd3 Nc6 7. O-O Be7 
8. c4 Nf6 9. Nc3 dxc4 10. Bxc4 O-O 11. Re1 Bg4 12. d5 Nb8 13. h3 Bh5 14. g4 Bg6 
15. Nh4 Bd6 16. Nxg6 hxg6 17. Bg5 Nbd7 18. Rc1 Re8 19. Ne4 a6 20. Nxd6 Rxe1+ 
21. Qxe1 cxd6 22. Bf1 Ne5 23. Qd1 Qa5 24. a3 Qb6 25. Rb1 Re8 26. Bg2 Rc8 
27. Be3 Qb5 28. Bd4 Qc4 29. b3 Qb5 30. Kh2 Qa5 31. Ra1 Qb5 32. Rb1 Qa5 
33. Ra1 Qb5 34. Ra2 g5 35. Rc2 Re8 36. b4 a5 37. bxa5 Qxa5 38. Qc1 Qa4 
39. Be3 Nd3 40. Rc4 Qb3 41. Qc3 Qxc3 42. Rxc3 Nf4 43. Rb3 Ra8 44. Bxf4 gxf4 
45. g5 Nd7 46. Rxb7 Ne5 47. Rb3 Kh7 48. Be4+ g6 49. h4 Kg7 50. Kh3 Rc8 
51. Kg2 Rh8 52. Rh3 Ra8 53. Rc3 Rh8 54. Kh3 Rb8 55. Kh2 Rh8 56. Kh3 Rb8 
57. Bd3 Rb2 58. Kg2 Ng4 59. Bc2 Ne5 60. Kf1 Ra2 61. Ke1 Ra1+ 62. Bd1 Kf8 
63. a4 Ke7 64. Kd2 Kd8 65. Rc1 Ra3 66. Rb1 Rd3+ 67. Kc2 Kc7 68. a5 Rxd5 
69. Ra1 Kb7 70. Ra4 f3 71. Rf4 Rxa5 72. Bxf3+ Kc7 73. Kb3 Kd8 74. Be2 Ke7 
75. Re4 Kf8 76. Kc2 Nd7 77. Rb4 Ra2+ 78. Kd3 Ne5+ 79. Ke3 Ra3+ 80. Kd2 Ra2+ 
81. Ke3 Ra3+ 82. Kd2 d5 83. Rb5 Ra2+ 84. Ke3 d4+ 85. Kxd4 Rxe2 86. Rxe5 Rxf2 
87. Re3 f6 88. Re6 fxg5 89. hxg5 Kf7 90. Re1 Rf5 91. Re5 Rf1 1/2-1/2